 Dungeon Crawl Stone Soup version 0.28-a0-1312-g71652a0310 (webtiles) character file.

Game seed: 10604916267801777904

151 ReploidZero the Sneak (level 5, -2/32 HPs)
             Began as a Kobold Brigand on Dec 27, 2021.
             Killed by divine providence
             ... invoked by an orc priest
              (14 damage)
             ... on level 3 of the Dungeon.
             The game lasted 00:05:24 (3140 turns).

ReploidZero the Sneak (Kobold Brigand)              Turns: 3140, Time: 00:05:25

Health: -2/32      AC:  8    Str:  8    XL:     5   Next: 60%
Magic:  5/5        EV: 15    Int: 12    God:
Gold:   102        SH:  0    Dex: 19    Spells: 4/4 levels left

rFire   . . .      SeeInvis .   k - +3 dagger
rCold   . . .      Faith    .   (shield restricted)
rNeg    . . .      Spirit   .   b - +0 robe
rPois   .          Reflect  .   g - +0 helmet
rElec   .          Harm     .   c - +0 cloak
rCorr   .          Rampage  .   (no gloves)
Will    .....                   (no boots)
Stlth   +++++.....              f - amulet of the acrobat
HPRegen 0.10/turn               i - +4 ring of protection
MPRegen 0.09/turn               (no ring)

@: no status effects
A: small, no large weapons, nightstalker 3
a: no special abilities


You were on level 3 of the Dungeon.
You visited 1 branch of the dungeon, and saw 3 of its levels.

You collected 102 gold pieces.

Inventory:

Hand Weapons
 k - a +3 dagger (weapon)
Missiles
 d - 8 poisoned darts (quivered)
Armour
 b - a +0 robe (worn)
 c - a +0 cloak (worn)
 g - a +0 helmet (worn)
Jewellery
 f - an amulet of the acrobat (around neck)
 i - a +4 ring of protection (left hand)
Scrolls
 a - a scroll of identify
 j - 3 scrolls of teleportation
 m - a scroll of torment {unknown}
 n - a scroll of enchant weapon {unknown}
Potions
 h - 2 potions of magic {unknown}
 l - a potion of curing {unknown}


   Skills:
 + Level 3.2 Fighting
 + Level 4.0 Short Blades
 - Level 2.1 Throwing
 + Level 2.8 Dodging
 * Level 7.0 Stealth


You had 4 spell levels left.
You didn't know any spells.
Your spell library was empty.

Dungeon Overview and Level Annotations

Branches:
Dungeon (3/15)

Altars:
Fedhas

Shops:
D:1 =


Innate Abilities, Weirdness & Mutations

You are small and have problems with some larger weapons.
You are completely attuned to the shadows.


Message History

j - 3 scrolls of teleportation (gained 1)
A goblin comes into view. It is wielding a +2 dagger of flaming.
A goblin is nearby!
A goblin is nearby!
A goblin is nearby!
The goblin shouts!
An orc priest comes into view. It is wielding a +0 hand axe.
The orc priest shouts!
The goblin completely misses you.
You closely miss the goblin.
The orc priest looks encouraged for a moment.
The goblin closely misses you.
You hit the goblin.
The goblin is moderately wounded.
The goblin hits you but does no damage.
You barely miss the goblin.
The goblin is moderately wounded.
The orc priest calls down the wrath of Beogh upon you.
Beogh smites you!
Ouch! That really hurt!
The goblin barely misses you.
You are too injured to fight recklessly!
You are too injured to fight recklessly!
You are too injured to fight recklessly!
Throw: dart (curare)
Press: ? - help, Q - select action, (/) - cycle Shift-Dir - straight line, f - orc priest
Aim: an orc priest, wielding a +0 hand axe and wearing a +0 ring mail (66% to hit)
You throw a curare-tipped dart.
The curare-tipped dart barely misses the goblin.
The curare-tipped dart hits the orc priest.
The orc priest is poisoned.
The orc priest convulses.
The orc priest seems to slow down.
The orc priest is severely wounded.
The goblin hits you with a +2 dagger of flaming.
The goblin burns you.
You hit the goblin.
The goblin is heavily wounded.
The orc priest invokes the aid of Beogh against you.
Beogh smites you!
You die...

####...# ##...# #.....#
#....#.####..######.###.#
#.##...<.....)......# #.#
#.#########..######.###.#
#.# #..# #.....# #.# #..#
##...## #.# .... #.#...
#.########.# .....##
#.......@go# ###..##
##########.# ###..## ..
....... . .#..## #....
##.## #.# #.# ..#


You could see an orc priest (very poisoned, slow) and a goblin.

Vanquished Creatures
  Robin (D:1)
  4 adders
  A worm (D:2)
  4 dart slugs
  2 orcs (D:3)
  5 endoplasms
  2 giant cockroaches (D:2)
  15 goblins
  11 hobgoblins
  10 jackals
  5 kobolds
  5 quokkas
  7 ball pythons
  3 bats
  2 frilled lizards (D:2)
  4 rats
81 creatures vanquished.

Vanquished Creatures (others)
  5 plants
5 creatures vanquished.

Grand Total: 86 creatures vanquished

Notes
Turn   | Place    | Note
-------+----------+-------------------------------------------
     0 | D:1      | ReploidZero the Kobold Brigand began the quest for the Orb.
     0 | D:1      | Reached XP level 1. HP: 12/12 MP: 1/1
   117 | D:1      | Reached XP level 2. HP: 18/18 MP: 2/2
   656 | D:1      | Reached XP level 3. HP: 20/22 MP: 3/3
  1032 | D:1      | Reached skill level 6 in Stealth
  1125 | D:1      | Found Ofaaleodd's Jewellery Boutique.
  1645 | D:2      | Reached XP level 4. HP: 27/27 MP: 4/4
  2095 | D:2      | Noticed Robin
  2146 | D:1      | Killed Robin
  2607 | D:2      | Reached XP level 5. HP: 32/32 MP: 5/5
  2790 | D:3      | Found a blossoming altar of Fedhas.
  2887 | D:3      | Reached skill level 7 in Stealth
  3140 | D:3      | Killed from afar by an orc priest

Illustrated notes

Levels and vault maps discovered:
D:1:      roderic_crop_circles_arrival_small, layout_basic, serial_shops,
          nicolae_diamond_shop, st_stairs_14
D:2:      layout_loops_cross, grunt_ministairs_2, kennysheep_generic_room_14,
          uniq_robin
D:3:      layout_loops_ring, gammafunk_temple_overflow_claw, fedhas_altar_1,
          minmay_misc_feat_nine_boxes, chequers_serial_rivers_small_a

Skill      XL: |  1  2  3  4  5 |
---------------+----------------+-----
Short Blades   | 3 4 |  4.0
Stealth        | 6 7 |  7.0
Dodging        | 2 |  2.8
Fighting       | 3 |  3.2
Throwing       | |  2.1

Action                   |  1- 3 |  4- 6 || total
-------------------------+-------+-------++-------
Melee: Dagger            |    97 |   143 ||   240
Throw: Dart              |     3 |     2 ||     5
  Use: Scroll            |     2 |       ||     2
       Potion            |     1 |       ||     1
 Stab: Sleeping          |    20 |    12 ||    32
Armor: Robe              |    28 |    17 ||    45
Dodge: Dodged            |   112 |    75 ||   187

Table legend: (Time is in decaauts)
 A = Elapsed time spent in this place.
 B = Non-inter-level travel time spent in this place.
 C = Inter-level travel time spent in this place.
 D = Time resting spent in this place.
 E = Time spent auto-exploring this place.
 F = Levels seen in this place.
 G = Mean time per level.
                   A        B        C        D        E       F      G
               +--------+--------+--------+--------+--------+-----+--------+
         Total |   3081 |   3054 |     27 |      0 |   2519 |   3 | 1027.0 |
       Dungeon |   3081 |   3054 |     27 |      0 |   2519 |   3 | 1027.0 |
               +--------+--------+--------+--------+--------+-----+--------+

Top non-repeatable levels by time:
     D:1: 1487 daAuts
     D:2: 1085 daAuts
     D:3: 508 daAuts
